 Dungeon Crawl Stone Soup version 0.29-a0-857-g9b1aa3ac5b (webtiles) character file.

Game seed: 8332136787515979343

13 xian the Magician (level 2, 0/19 HPs)
             Began as a Demonspawn Hedge Wizard on July 17, 2022.
             Slain by a quokka (3 damage)
             ... on level 1 of the Dungeon.
             The game lasted 00:01:27 (318 turns).

xian the Magician (Demonspawn Hedge Wizard)          Turns: 318, Time: 00:01:28

Health: 0/19       AC:  2    Str: 10    XL:     2   Next: 24%
Magic:  2/6        EV: 12    Int: 15    God:
Gold:   10         SH:  0    Dex: 12    Spells: 6/7 levels left

rFire   . . .      SeeInvis .   a - +0 dagger
rCold   . . .      Faith    .   (no shield)
rNeg    . . .      Spirit   .   b - +0 robe
rPois   .          Reflect  .   c - +0 hat
rElec   .          Harm     .   (no cloak)
rCorr   .          Rampage  .   (no gloves)
Will    .....                   (no boots)
Stlth   ++........              (no amulet)
HPRegen 0.06/turn               (no ring)
MPRegen 0.10/turn               (no ring)

@: very slightly contaminated
A: demonic touch 1
a: no special abilities


You were on level 1 of the Dungeon.
You visited 1 branch of the dungeon, and saw 1 of its levels.

You collected 10 gold pieces.

Inventory:

Hand Weapons
 a - a +0 dagger (weapon)
Armour
 b - a +0 robe (worn)
 c - a +0 hat (worn)
Potions
 d - 2 potions of magic


   Skills:
 + Level 0.1 Short Blades
 + Level 2.0 Dodging
 + Level 1.7 Stealth
 + Level 3.4 Spellcasting
 + Level 1.0 Conjurations
 + Level 1.0 Summonings
 + Level 0.8 Translocations


You had 6 spell levels left.
You knew the following spells:

 Your Spells              Type           Power      Damage    Failure   Level
a - Magic Dart            Conj           20%        1d4       13%         1

Your spell library contained the following spells:

 Spells                   Type           Power      Damage    Failure   Level
 Slow                     Hex            8%         N/A       19%         1
 Call Imp                 Summ           5%         N/A       19%         2
 Blink                    Tloc           10%        N/A       21%         2
 Conjure Flame            Conj/Fire      4%         6-21      43%         3
 Mephitic Cloud           Conj/Pois/Air  3%         N/A       45%         3


Dungeon Overview and Level Annotations

Branches:
Dungeon (1/15)

Altars:


Innate Abilities, Weirdness & Mutations

Your touch may inflict minor irresistible damage on your foes.


Message History

The jackal bites you.
The magic dart hits the jackal.
The jackal is moderately wounded.
The jackal barely misses you. The quokka misses you.
The magic dart hits the jackal.
The jackal is heavily wounded.
The jackal bites you.
The quokka bites you but does no damage.
The quokka attacks as you move away! The quokka bites you.
The jackal barely misses you.
You hit the jackal but do no damage.
You touch the jackal.
You kill the jackal!
The jackal closely misses you.
You hit the jackal.
The jackal is severely wounded.
The jackal closely misses you.
You hit the jackal.
You touch the jackal.
You kill the jackal!
You closely miss the quokka. The quokka bites you.
* * * LOW HITPOINT WARNING * * *
You barely miss the quokka. The quokka misses you.
You hit the quokka.
The quokka is severely wounded.
The quokka closely misses you. The quokka bites you.
* * * LOW HITPOINT WARNING * * *
You barely miss the quokka.
The quokka is severely wounded.
The quokka closely misses you.
You are too injured to fight recklessly!
Aiming: Magic Dart (safe; 13% risk of failure)
Press: ? - help, Q - select action Shift-Dir - straight line, f - quokka
Aim: a quokka (severely wounded, 100% to hit)
You miscast Magic Dart.
You are very lightly contaminated with residual magic.
Nothing appears to happen.
The quokka bites you but does no damage.
You hit the quokka but do no damage. Your touch misses the quokka.
The quokka is severely wounded.
The quokka bites you.
You die...

...##.# ..(...# #
....... #.##.
.......
#.##.##...>.#
#.##........#
##.## #†#
##)..###r#
##.....##@#######
#................
#......##.#######
#>....###...
######..####
##### #.......#
#.#####.# #.# #.#
#.# #.#


You could see a quokka.

Vanquished Creatures
  A dart slug (D:1)
  An endoplasm (D:1)
  A goblin (D:1)
  A hobgoblin (D:1)
  4 jackals (D:1)
  A rat (D:1)
9 creatures vanquished.

Notes
Turn   | Place    | Note
-------+----------+-------------------------------------------
     0 | D:1      | xian the Demonspawn Hedge Wizard began the quest for the
                  | Orb.
     0 | D:1      | Reached XP level 1. HP: 13/13 MP: 4/4
   300 | D:1      | Gained mutation: Your touch may inflict minor irresistible
                  | damage on your foes. [demonic ancestry]
   300 | D:1      | Reached XP level 2. HP: 19/19 MP: 4/6
   318 | D:1      | Slain by a quokka

Illustrated notes

Levels and vault maps discovered:
D:1:      lightli_arrival_noodles, layout_loops_ring

Skill      XL: |  1 |
---------------+----+-----
Dodging        | 2 |  2.0
Short Blades   | |  0.1
Stealth        | |  1.7
Spellcasting   | |  3.4
Conjurations   | |  1.0
Summonings     | |  1.0
Translocations | |  0.8

Action                   || total
-------------------------++-------
Melee: Dagger            ||    18
       Touch             ||     3
 Cast: Magic Dart        ||    13
Armor: Robe              ||     2
Dodge: Dodged            ||    12

Table legend: (Time is in decaauts)
 A = Elapsed time spent in this place.
 B = Non-inter-level travel time spent in this place.
 C = Inter-level travel time spent in this place.
 D = Time resting spent in this place.
 E = Time spent auto-exploring this place.
 F = Levels seen in this place.
 G = Mean time per level.
                   A        B        C        D        E       F      G
               +--------+--------+--------+--------+--------+-----+--------+
         Total |    317 |    317 |      0 |      0 |    269 |   1 |  317.0 |
       Dungeon |    317 |    317 |      0 |      0 |    269 |   1 |  317.0 |
               +--------+--------+--------+--------+--------+-----+--------+

Top non-repeatable levels by time:
     D:1: 317 daAuts
